 Dungeon Crawl Stone Soup version 0.29.1-12-g30fa7ad0bf (webtiles) character file.

Game seed: 6414099395111618047

6 ThatPearl the Trooper (level 1, -4/18 HPs)
             Began as a Demonspawn Berserker on Jan 11, 2023.
             Was a Follower of Trog.
             Succumbed to a goblin's poison
             ... on level 1 of the Dungeon.
             The game lasted 00:00:22 (186 turns).

ThatPearl the Trooper (Demonspawn Berserker)         Turns: 186, Time: 00:00:23

Health: -4/18      AC:  2    Str: 17    XL:     1   Next: 75%
Magic:  1/1        EV: 12    Int:  8    God:    Trog [*.....]
Gold:   0          SH:  0    Dex: 12    Spells: 0/0 levels left

rFire   . . .      SeeInvis .   a - +0 hand axe
rCold   . . .      Faith    .   (no shield)
rNeg    . . .      Spirit   .   b - +0 animal skin
rPois   .          Reflect  .   (no helmet)
rElec   .          Harm     .   (no cloak)
rCorr   .          Rampage  .   (no gloves)
Will    .....                   (no boots)
Stlth   +.........              (no amulet)
HPRegen 0.06/turn               (no ring)
MPRegen 0.07/turn               (no ring)

@: lethally poisoned (-4 -> -24)
A: no striking features
a: Renounce Religion, Berserk


You were on level 1 of the Dungeon.
You worshipped Trog.
Trog was aware of your devotion.
You visited 1 branch of the dungeon, and saw 1 of its levels.

Inventory:

Hand Weapons
 a - a +0 hand axe (weapon)
Armour
 b - a +0 animal skin (worn)
 c - a +0 kite shield
Potions
 d - a potion of flight {unknown}


   Skills:
 + Level 3.1 Fighting
 + Level 2.8 Axes
 + Level 2.0 Armour
 - Level 1.7 Dodging


You couldn't memorise any spells.
You didn't know any spells.
Your spell library was empty.

Dungeon Overview and Level Annotations

Branches:
Dungeon (1/15)

Altars:


Message History

You barely miss the hobgoblin. The hobgoblin hits you.
You hit the hobgoblin.
You kill the hobgoblin!
Trog accepts your kill.
A frilled lizard comes into view.
The frilled lizard hisses angrily.
You see here a hobgoblin corpse.
A jackal comes into view.
The frilled lizard bites you but does no damage.
You closely miss the frilled lizard.
The jackal barks!
The frilled lizard bites you.
You closely miss the frilled lizard.
A goblin comes into view. It is wielding a +1 dagger of venom.
The frilled lizard barely misses you.
You closely miss the frilled lizard. The frilled lizard barely misses you.
You miss the frilled lizard.
The goblin shouts!
The frilled lizard barely misses you.
You barely miss the frilled lizard. The frilled lizard bites you.
The frilled lizard bites you but does no damage.
You slash the frilled lizard!
You kill the frilled lizard!
Trog accepts your kill. The jackal barely misses you.
You hit the jackal.
You kill the jackal!
Trog accepts your kill.
Your Armour skill increases to level 2!
You closely miss the goblin.
The goblin hits you with a +1 dagger of venom.
You are lethally poisoned!
You closely miss the goblin.
* * * LOW HITPOINT WARNING * * *
You feel very sick.
The goblin hits you with a +1 dagger of venom.
* * * LOW HITPOINT WARNING * * *
You are more poisoned.
You completely miss the goblin.
You die...

#.# #.# #.# .....#
#g##.. #.##.# ##.##g###
#..!.@..# #..##.#.#
######..##.# #
#.......†.†#.
#.####..#.........
#.####.####..##.......#
#.#
#.........#.......###.#
#.# ######.##.##.######
#.# #.# . #.##....#
##.## #.##.


You could see a goblin.

Vanquished Creatures
  2 hobgoblins (D:1)
  A jackal (D:1)
  A frilled lizard (D:1)
  A kobold (D:1)
  A rat (D:1)
6 creatures vanquished.

Notes
Turn   | Place    | Note
-------+----------+-------------------------------------------
     0 | D:1      | ThatPearl the Demonspawn Berserker began the quest for the
                  | Orb.
     0 | D:1      | Reached XP level 1. HP: 18/18 MP: 1/1
     2 | D:1      | Noticed a human
     4 | D:1      | Noticed a vine stalker
     4 | D:1      | Noticed a palentonga
     6 | D:1      | Noticed a vampire
     6 | D:1      | Noticed a demonspawn
     8 | D:1      | Noticed a tengu
     8 | D:1      | Noticed an octopode
    10 | D:1      | Noticed an elf
    10 | D:1      | Noticed a merfolk
    12 | D:1      | Noticed a draconian
    12 | D:1      | Noticed a formicid
    14 | D:1      | Noticed a troll
    16 | D:1      | Noticed an ogre
    16 | D:1      | Noticed a meteoran
    18 | D:1      | Noticed a naga
    20 | D:1      | Noticed a demigod
    20 | D:1      | Noticed a ghoul
    22 | D:1      | Noticed a felid
    22 | D:1      | Noticed a spriggan
    24 | D:1      | Noticed a gargoyle
    24 | D:1      | Noticed a formicid
    26 | D:1      | Noticed a tengu
    26 | D:1      | Noticed a spriggan
   186 | D:1      | Succumbed to a goblin's poison

Illustrated notes

Levels and vault maps discovered:
D:1:      kb_arrival_jail, layout_loops_cross

Skill      XL: |  1 |
---------------+----+-----
Armour         | 2 |  2.0
Fighting       | |  3.1
Axes           | |  2.8
Dodging        | |  1.7

Action                   || total
-------------------------++-------
Melee: Hand axe          ||    22
       Punch             ||     1
Armor: Animal skin       ||     2
Dodge: Dodged            ||    12
